Map: Romanticide LE

Players

MaxPax - Winner!

  • Race: Protoss Protoss
  • Spawn Location: 11:00

SpeCial

  • Race: Terran Terran
  • League: Master
  • Spawn Location: 5:00

Event: ASUS ROG Online 2020

VOD

Have the link to the VOD?

Description

Time

  • Played on: Nov. 27, 2020, 10:19 a.m.
  • Length: 17:54

All games in this series

Show
View Real Time Build Order
Export as new Build Order

MaxPax Protoss - Winner!

Build Orders: 1 Gate Expand, Oracle Opening, Zealot Archon 

Get SALT Encoding   

  12  0:00  Probe  
  13  0:12  Probe  
  14  0:17  Pylon  
  14  0:24  Probe  
  15  0:36  Probe (Chrono Boost)  
  15  0:40  Gateway  
  16  0:46  Probe (Chrono Boost)  
  16  0:49  Assimilator  
  17  0:51  Probe (Chrono Boost)  
  18  1:03  Probe  
  19  1:15  Probe  
  20  1:27  Cybernetics Core  
  20  1:36  Nexus  
  21  1:44  Pylon  
  21  1:46  Probe  
  20  1:54  Assimilator  
  20  1:58  Probe  
  20  2:00  Adept (Chrono Boost)  
  23  2:09  Warp Gate  
  23  2:10  Probe  
  24  2:22  Probe (Chrono Boost)  
  25  2:23  Adept  
  27  2:34  Probe (Chrono Boost)  
  28  2:39  Stargate  
  28  2:41  Probe (Chrono Boost)  
  29  2:48  Probe  
  29  2:49  Probe  
  31  3:01  Probe x2  
  33  3:13  Probe x2 (Chrono Boost)  
  33  3:19  Oracle (Chrono Boost)  
  35  3:25  Probe (Chrono Boost)  
  40  3:31  Probe (Chrono Boost), Nexus  
  40  3:34  Probe (Chrono Boost)  
  40  3:38  Probe (Chrono Boost)  
  42  3:41  Probe  
  42  3:46  Gateway  
  43  3:49  Probe  
  43  3:50  Pylon  
  43  3:53  Probe  
  45  3:57  Shield Battery  
  45  4:01  Probe  
  46  4:05  Gateway  
  46  4:07  Oracle (Chrono Boost)  
  44  4:13  Probe  
  44  4:15  Zealot  
  49  4:17  Probe  
  49  4:18  Pylon  
  50  4:25  Twilight Council, Probe  
  50  4:29  Probe  
  52  4:32  Void Ray (Chrono Boost)  
  52  4:37  Probe  
  53  4:42  Probe  
  58  4:46  Assimilator  
  58  4:47  Shield Battery  
  58  4:49  Probe  
  58  4:51  Shield Battery  
  60  4:52  Probe  
  60  4:54  Probe  
  61  5:02  Probe  
  61  5:05  Probe  
  61  5:06  Charge (Chrono Boost), Probe  
  64  5:12  Phoenix (Chrono Boost), Gateway  
  64  5:14  Probe  
  67  5:15  Pylon  
  67  5:20  Probe  
  68  5:28  Gateway  
  68  5:29  Probe  
  68  5:30  Gateway, Shield Battery  
  68  5:33  Probe x2  
  71  5:39  Phoenix  
  71  5:41  Probe  
  74  5:51  Gateway  
  74  5:53  Zealot x2, Forge x2  
  74  5:56  Zealot  
  80  6:04  Probe x2  
  80  6:06  Assimilator x2  
  80  6:08  Pylon  
  80  6:09  Sentry  
  84  6:12  Pylon  
  85  6:18  Probe  
  85  6:23  Protoss Ground Weapons Level 1 (Chrono Boost)  
  85  6:25  Phoenix (Chrono Boost)  
  85  6:26  Probe x2  
  85  6:27  Zealot x2  
  85  6:29  Protoss Ground Armor Level 1 (Chrono Boost)  
  94  6:35  Pylon  
  94  6:39  Zealot x2  
  97  6:40  Pylon  
  97  6:42  Gateway  
  97  6:45  Pylon  
  97  6:46  Zealot  
  97  6:47  Zealot  
  101  6:53  Probe x3  
  104  6:55  Templar Archives  
  104  6:58  Phoenix  
  106  7:06  Probe  
  107  7:11  Nexus  
  107  7:17  Zealot x4  
  115  7:35  Gateway  
  112  7:37  Pylon  
  112  7:38  Pylon, High Templar x2  
  112  7:39  High Templar x2  
  112  7:41  Zealot x2  
  112  7:43  Archon x2, Robotics Facility  
  124  7:46  Photon Cannon  
  124  7:56  Zealot  
  124  7:57  Gateway, Zealot  
  124  7:58  Pylon  
  128  8:00  Pylon  
  128  8:03  High Templar x2  
  132  8:08  Archon  
  132  8:15  Zealot x4  
  135  8:22  Probe x2  
  129  8:29  Probe  
  118  8:34  Probe x2  
  118  8:35  Phoenix  
  118  8:36  Protoss Ground Armor Level 2 (Chrono Boost), Protoss Ground Weapons Level 2 (Chrono Boost)  
  108  8:42  Probe  
  108  8:46  Probe x2  
  111  8:49  Probe  
  111  8:54  Probe  
  113  8:56  Zealot x5  
  113  9:01  Probe x3 (Chrono Boost)  
  126  9:07  High Templar x2  
  131  9:12  Archon, Probe (Chrono Boost)  
  131  9:13  Probe (Chrono Boost)  
  131  9:15  Probe x2 (Chrono Boost)  
  125  9:19  Phoenix  
  125  9:23  Probe  
  124  9:25  Probe  
  124  9:27  Zealot  
  124  9:28  Zealot x5  
  124  9:30  Photon Cannon  
  133  9:32  Observer (Chrono Boost)  
  133  9:35  Assimilator  
  133  9:36  Assimilator, Probe  
  133  9:38  Robotics Bay  
  135  9:43  Probe  
  128  10:03  Phoenix  
  128  10:06  Probe  
  127  10:07  Robotics Facility  
  127  10:08  Probe  
  127  10:09  Probe, Blink (Chrono Boost)  
  127  10:12  Zealot  
  127  10:13  Zealot x9  
  149  10:23  Colossus (Chrono Boost)  
  149  10:28  Pylon  
  155  10:33  Photon Cannon  
  153  10:36  Pylon  
  153  10:39  Zealot x7  
  167  10:45  High Templar x2  
  167  10:49  Archon  
  153  10:51  Photon Cannon  
  153  10:58  Protoss Ground Weapons Level 3 (Chrono Boost)  
  153  11:03  Pylon  
  153  11:07  Colossus (Chrono Boost)  
  153  11:08  Protoss Ground Armor Level 3 (Chrono Boost)  
  153  11:10  Probe x3  
  167  11:20  Colossus (Chrono Boost)  
  161  11:32  Zealot x4  
  143  11:33  Zealot x6  
  157  11:43  Nexus  
  159  11:54  High Templar x2  
  159  11:55  Warp Prism (Chrono Boost), High Templar x2  
  159  11:56  Stalker x2  
  159  11:59  Archon x2  
  159  12:00  Stalker  
  173  12:05  Zealot  
  173  12:06  Zealot x2  
  179  12:15  Observer  
  172  12:26  Stalker x4  
  157  12:39  Stalker x3  
  157  12:40  Stalker x2  
  157  12:41  Disruptor x2 (Chrono Boost)  
  171  12:51  Zealot x4  
  172  13:06  Probe  
  172  13:07  Probe x2  
  172  13:08  Pylon, Probe  
  172  13:09  Disruptor x2 (Chrono Boost)  
  182  13:14  Pylon  
  182  13:15  Probe  
  183  13:23  Stalker x7  
  183  13:24  Stalker  
  199  13:29  Photon Cannon  
  199  13:33  Observer (Chrono Boost)  
  199  13:39  Nexus  
  182  13:47  Disruptor (Chrono Boost)  
  183  13:54  Zealot x5  
  183  13:55  Zealot  
  195  13:56  Disruptor (Chrono Boost)  
  195  13:58  Stalker  
  195  14:00  Shield Battery  
  184  14:10  Probe  
  184  14:12  Assimilator x2  
  184  14:15  Shield Battery, Pylon, Photon Cannon  
  184  14:16  Photon Cannon  
  184  14:18  High Templar x3  
  184  14:19  High Templar  
  184  14:23  Archon  
  184  14:24  Archon  
  192  14:31  Protoss Shields Level 1  
  180  14:39  Pylon  
  162  14:47  Disruptor (Chrono Boost)  
  162  14:49  Zealot x5  
  162  14:50  Zealot  
  162  14:51  Zealot x3  
  164  14:53  Zealot x3  
  164  14:54  Zealot x4  
  164  14:55  Disruptor (Chrono Boost)  
  162  15:17  Observer (Chrono Boost)  
  147  15:22  Disruptor (Chrono Boost)  
  147  15:25  Zealot  
  147  15:26  Zealot x9  
  158  15:32  Disruptor (Chrono Boost)  
  151  15:39  Gravitic Boosters (Chrono Boost)  
  141  15:48  Gateway  
  139  15:50  Gateway, Observer (Chrono Boost)  
  136  15:58  Observer (Chrono Boost)  
  136  16:00  Stalker x2  
  136  16:01  Stalker x8  
  157  16:04  Disruptor (Chrono Boost)  
  157  16:10  Probe x2  
  143  16:28  Zealot x9  
  143  16:29  Zealot  
  143  16:32  Disruptor (Chrono Boost)  
  145  16:33  Disruptor (Chrono Boost)  
  145  16:46  Pylon  
  145  16:50  Gateway  
  145  16:53  Gateway, Pylon  
  144  17:06  Zealot x4  
  144  17:07  Zealot x6  
  155  17:11  Disruptor x2 (Chrono Boost)  
  126  17:32  Zealot x5  
  126  17:33  Zealot x7  
  136  17:38  Probe  
  136  17:39  Probe x4  
  136  17:41  Probe  
  145  17:49  Photon Cannon  
Show
View Real Time Build Order
Export as new Build Order

SpeCial Terran 

Build Orders:  

Get SALT Encoding   

  12  0:01  SCV  
  13  0:13  SCV  
  14  0:18  Supply Depot  
  14  0:25  SCV  
  15  0:40  Barracks, SCV  
  16  0:43  Refinery  
  16  0:52  SCV  
  17  1:04  SCV  
  18  1:16  SCV  
  19  1:28  Marine  
  19  1:29  Orbital Command  
  20  1:47  Barracks Reactor  
  20  1:51  Command Center  
  20  1:57  Supply Depot  
  20  2:00  SCV  
  21  2:13  SCV  
  22  2:16  Factory  
  22  2:23  Marine x2  
  22  2:25  SCV  
  22  2:28  Bunker  
  25  2:37  SCV  
  25  2:41  Reaper, Marine  
  25  2:42  Refinery  
  28  2:49  SCV  
  29  3:01  SCV  
  29  3:03  Starport  
  29  3:04  Orbital Command  
  30  3:06  Marine  
  31  3:13  Marine  
  31  3:14  Factory Tech Lab  
  31  3:18  SCV  
  33  3:24  Marine  
  34  3:30  SCV x2  
  36  3:37  Marine  
  37  3:41  Marine  
  37  3:42  SCV  
  37  3:45  SCV  
  37  3:47  Supply Depot  
  40  3:49  Banshee  
  40  3:51  Factory Tech Lab  
  40  3:54  SCV  
  44  4:00  SCV  
  44  4:02  Marine  
  46  4:05  Marine  
  46  4:08  SCV  
  46  4:09  Cyclone  
  50  4:13  SCV  
  51  4:20  Supply Depot, SCV  
  52  4:28  Command Center  
  52  4:30  SCV  
  53  4:32  SCV  
  53  4:41  Raven, Marine x2  
  53  4:44  SCV  
  53  4:45  SCV  
  59  4:49  Barracks  
  59  4:53  Barracks  
  59  4:56  SCV  
  59  4:57  SCV  
  58  5:05  Marine x2  
  60  5:08  SCV  
  60  5:09  SCV  
  60  5:12  Refinery  
  60  5:13  Refinery  
  62  5:15  Engineering Bay  
  62  5:23  Supply Depot  
  62  5:24  Factory Reactor  
  62  5:32  Supply Depot  
  62  5:33  SCV  
  62  5:36  Starport Reactor  
  62  5:41  Terran Infantry Weapons Level 1  
  62  5:42  SCV, Marine  
  64  5:43  Orbital Command  
  64  5:45  SCV  
  64  5:48  Combat Shield, Barracks  
  64  5:49  Marauder x2, Stimpack  
  68  5:50  Barracks  
  68  5:54  SCV  
  69  5:57  SCV  
  69  5:58  Missile Turret  
  69  6:00  Orbital Command  
  69  6:02  Widow Mine x2  
  74  6:06  Supply Depot, SCV  
  74  6:09  SCV  
  76  6:15  Marauder x2, Marine  
  76  6:17  Marine  
  82  6:19  Medivac  
  82  6:22  Medivac  
  82  6:23  SCV  
  82  6:24  SCV  
  88  6:31  Supply Depot  
  88  6:32  Armory  
  88  6:33  Widow Mine  
  88  6:35  Widow Mine  
  88  6:39  SCV x3  
  92  6:41  Barracks Reactor  
  92  6:42  Barracks Tech Lab  
  92  6:44  Marine x2  
  93  6:48  Marauder  
  93  6:52  Medivac  
  98  6:54  SCV x3  
  98  6:57  Medivac  
  98  7:00  Widow Mine  
  104  7:02  Widow Mine  
  104  7:06  SCV x2  
  108  7:10  SCV  
  108  7:13  Engineering Bay  
  109  7:16  Supply Depot x2  
  109  7:19  SCV x2, Marine x5  
  109  7:20  Concussive Shells  
  109  7:22  SCV  
  116  7:30  Marauder  
  116  7:31  SCV  
  117  7:37  SCV x2  
  117  7:38  Marauder, Widow Mine x2  
  117  7:40  Terran Infantry Weapons Level 2  
  117  7:44  Terran Infantry Armor Level 1, SCV  
  125  7:49  SCV, Marine x4  
  125  7:50  Supply Depot x2  
  131  7:57  Command Center  
  131  8:00  Marauder  
  133  8:11  Marauder x2, Marine x3  
  140  8:14  Marine  
  120  8:32  Marine x2  
  120  8:33  Marauder  
  117  8:35  Widow Mine x2, SCV  
  117  8:41  SCV x2  
  120  8:42  Refinery  
  120  8:43  Supply Depot, Refinery, Marine x2  
  120  8:45  Supply Depot, Marauder x2  
  126  8:50  Marine  
  126  8:51  Barracks x2  
  126  8:54  Barracks, Marauder  
  129  8:57  Widow Mine x2  
  129  9:02  Medivac x2  
  135  9:07  Ghost Academy  
  135  9:08  Marine x2  
  135  9:09  Marine x2  
  143  9:10  Marauder x2  
  143  9:13  SCV  
  143  9:15  Marauder  
  136  9:22  Widow Mine  
  136  9:23  Widow Mine  
  119  9:32  Medivac x2  
  119  9:36  SCV x3  
  126  9:40  Marine x7  
  126  9:42  Marine  
  126  9:44  Widow Mine x2  
  138  9:48  SCV x2  
  140  10:05  Widow Mine x2, Marine x4  
  152  10:07  Marauder x2, Marine x2  
  152  10:09  Marauder, Marine  
  152  10:11  SCV  
  158  10:16  Medivac x2  
  158  10:19  SCV x2  
  164  10:22  Planetary Fortress  
  164  10:23  SCV  
  164  10:27  Widow Mine x2  
  169  10:28  Marine x4  
  169  10:29  Marine  
  169  10:30  Barracks Reactor, Barracks Tech Lab  
  174  10:37  Marauder, Marine  
  173  10:45  Marauder  
  173  10:47  SCV  
  173  10:49  Ghost  
  172  10:50  Marine x2  
  172  10:54  Ghost, Marine x2  
  176  10:58  Ghost, SCV x2  
  176  11:06  Terran Infantry Weapons Level 3  
  176  11:08  Starport, SCV  
  176  11:09  Refinery x2  
  176  11:10  Missile Turret, SCV x2  
  179  11:17  Marine  
  180  11:22  Supply Depot, Marine  
  180  11:24  Supply Depot, Marine x2  
  180  11:25  Marine x2  
  180  11:26  SCV x2, Marine x2  
  180  11:27  Marauder  
  160  11:34  Viking x2  
  160  11:39  Ghost x2  
  160  11:40  Marine  
  160  11:43  Ghost, SCV  
  160  11:44  SCV x2  
  160  11:46  Terran Infantry Armor Level 2  
  166  11:47  Enhanced Shockwaves  
  166  11:52  Sensor Tower  
  166  11:55  Bunker  
  166  11:56  SCV  
  166  11:57  Barracks Tech Lab  
  167  12:02  Missile Turret  
  167  12:04  Missile Turret, Viking x2  
  171  12:08  Viking  
  171  12:13  Missile Turret  
  171  12:16  Marauder, Marine  
  171  12:18  Marauder  
  171  12:22  Marauder, Marine  
  158  12:40  Viking  
  158  12:41  Viking x2  
  158  12:42  Viking  
  166  12:45  Marauder, Marine x3  
  171  12:56  Marine  
  171  12:57  Marauder  
  174  12:58  Marine  
  174  12:59  Marauder  
  175  13:07  Marauder, Marine x3  
  175  13:09  Marauder, Marine x2  
  175  13:10  Viking  
  175  13:12  SCV x3  
  189  13:17  Marine x2  
  189  13:18  Marauder  
  193  13:24  Bunker, SCV  
  194  13:27  Marauder  
  196  13:39  Marine x2  
  196  13:40  Marauder  
  185  13:49  Marine  
  185  13:50  Marauder  
  185  13:55  Marine x2  
  190  13:56  Marauder  
  190  13:59  Marine x2  
  190  14:00  Marauder  
  196  14:04  Terran Ship Weapons Level 1  
  194  14:11  Viking x2  
  194  14:14  Marine  
  194  14:15  Marauder  
  196  14:19  Marine x2  
  195  14:32  Terran Infantry Armor Level 3  
  178  14:42  Marine  
  178  14:43  Marauder  
  178  14:44  Marine  
  178  14:45  Marauder  
  154  14:49  Marauder, Marine x2  
  154  14:51  Marine x3  
  154  14:52  Marauder  
  149  14:53  Viking x3  
  152  15:00  Marine  
  152  15:03  Marine  
  152  15:04  Marauder  
  152  15:06  Marauder  
  151  15:10  Marauder, Ghost  
  151  15:12  Orbital Command, Ghost, Marine  
  149  15:21  Marine  
  126  15:25  Marauder  
  126  15:28  Marauder  
  127  15:31  Marauder, Marine  
  125  15:39  Marauder, SCV x2  
  125  15:40  SCV  
  125  15:42  Marauder  
  132  15:46  Marine  
  132  15:47  Marauder, Marine  
  134  15:51  SCV x2  
  134  15:55  Marine  
  137  15:59  Marauder  
  139  16:06  Marine  
  139  16:07  Marauder  
  137  16:20  Marine  
  137  16:21  Marauder  
  137  16:22  Marine  
  137  16:23  Marauder, Marine  
  137  16:24  Marauder  
  131  16:26  Marauder, Marine  
  131  16:27  Medivac x2  
  131  16:31  Marauder, Marine  
  129  16:38  Marine  
  126  16:40  Marine  
  126  16:42  Marauder  
  126  16:44  Marauder, SCV  
  126  16:45  SCV x2  
  126  16:46  Marine  
  127  16:49  Marauder  
  127  16:52  Marine  
  127  16:53  Marine  
  133  16:54  Marauder  
  133  16:57  SCV  
  134  17:06  Medivac, Marauder, Marine  
  140  17:08  Marauder  
  140  17:11  Marine  
  140  17:14  Marauder  
  141  17:15  Marine  
  141  17:20  Marauder  
  136  17:29  Marauder, Marine  
  121  17:36  Marine  
Tags
 
Add a new tag
Caveats
  • Supply blocks, unpowered buildings, or Contaminate may cause inaccurate times.
  • Supply counts are checked every 10 seconds.